| TOP OF THE 1ST |
|
Vermont Lake Monsters batting - Pitching for Aberdeen Ironbirds : RHP Tyler Bach
|
|
Pitching: RHP Tyler Bach
|
|
|
Batting: RHB Carlos Martinez
|
0-0: Ball 1-0: Ball 2-0: Ball 3-0: Called Strike 3-1: Base on Balls
|
|
Batting: RHB Manny Moron
|
0-0: Ball 1-0: Fielders Choice at 2nd, 2-4 (Groundball, 15S, EV 66.2 MPH)
|
|
Batting: LHB Cy Ostrowski
|
0-0: Ball Manny Moron steals 2nd base (no throw) 1-0: Foul Ball, location: 2F 1-1: Ground out 5-3 (Groundball, 56S, EV 86.2 MPH)
|
|
Batting: RHB Manny Vizzerra
|
0-0: Swinging Strike 0-1: Ball 1-1: Ball 2-1: Ball 3-1: Called Strike 3-2: Foul Ball, location: 2F 3-2: Fly out, F9 (Flyball, 9, EV 86.9 MPH)
|
| Top of the 1st over - 0 runs, 0 hits, 0 errors, 1 left on base; Vermont 0 - Aberdeen 0 |
| BOTTOM OF THE 1ST |
|
Aberdeen Ironbirds batting - Pitching for Vermont Lake Monsters : RHP Corbin Schenn
|
|
Pitching: RHP Corbin Schenn
|
|
|
Batting: RHB Jeremy Sipe
|
0-0: Ball 1-0: Fly out, F5 (Flyball, 5D, EV 93.1 MPH)
|
|
Batting: LHB Tomas de Zeeuw
|
0-0: Called Strike 0-1: Bunt missed! 0-2: Ball 1-2: SINGLE (Line Drive, 7S, EV 93.1 MPH)
|
|
Batting: RHB Daniel Jackson
|
0-0: Ball 1-0: Foul Ball, location: 2F 1-1: Called Strike 1-2: Foul Ball, location: 2F 1-2: Ball 2-2: Ball 3-2: Fly out, F9 (Flyball, 9, EV 85.6 MPH)
|
|
Batting: LHB Adam Oldfield
|
0-0: Ball Tomas de Zeeuw steals 2nd, throwing error, E2 Tomas de Zeeuw to third 1-0: Ball 2-0: Foul Ball, location: 2F 2-1: Foul Ball, location: 2F 2-2: Strikes out swinging
|
| Bottom of the 1st over - 0 runs, 1 hit, 1 error, 1 left on base; Vermont 0 - Aberdeen 0 |
| TOP OF THE 2ND |
|
Vermont Lake Monsters batting - Pitching for Aberdeen Ironbirds : RHP Tyler Bach
|
|
Batting: RHB Edgar Landim
|
0-0: Ball 1-0: Swinging Strike 1-1: Ball 2-1: Called Strike 2-2: Ball 3-2: Foul Ball, location: 2F 3-2: Base on Balls
|
|
Batting: RHB Bastiaan Leenders
|
0-0: Called Strike 0-1: Ball 1-1: Ball 2-1: Swinging Strike 2-2: Foul Ball, location: 2F 2-2: Ball 3-2: Fielders Choice at 2nd, 3-6 (Groundball, 3, EV 81.2 MPH)
|
|
Batting: RHB D.J. Torres
|
0-0: Called Strike 0-1: Ball 1-1: Called Strike Bastiaan Leenders steals 2nd, throwing error, E2 Bastiaan Leenders to third 1-2: Ball 2-2: Ground out U3 (Groundball, 3S, EV 75.0 MPH)
|
|
Batting: RHB Hidetada Iba
|
0-0: Swinging Strike 0-1: Ball 1-1: Called Strike 1-2: Ground out 5-3 (Groundball, 56, EV 86.9 MPH)
|
| Top of the 2nd over - 0 runs, 0 hits, 1 error, 1 left on base; Vermont 0 - Aberdeen 0 |
| BOTTOM OF THE 2ND |
|
Aberdeen Ironbirds batting - Pitching for Vermont Lake Monsters : RHP Corbin Schenn
|
|
Batting: LHB Shane Cruse
|
0-0: Ball 1-0: Called Strike 1-1: Ball 2-1: Foul Ball, location: 2F 2-2: Ball 3-2: Strikes out swinging
|
|
Batting: RHB Matt O'Dea
|
0-0: Ball 1-0: Called Strike 1-1: Swinging Strike 1-2: Ball 2-2: Ball 3-2: Foul Ball, location: 2F 3-2: Ground out 5-3 (Groundball, 56, EV 87.5 MPH)
|
|
Batting: LHB Miguel Medina
|
0-0: Ball 1-0: Foul Ball, location: 2F 1-1: Foul Ball, location: 2F 1-2: Ball 2-2: Fly out, F5 (Popup, 56S, EV 76.9 MPH)
|
| Bottom of the 2nd over - 0 runs, 0 hits, 0 errors, 0 left on base; Vermont 0 - Aberdeen 0 |
| TOP OF THE 3RD |
|
Vermont Lake Monsters batting - Pitching for Aberdeen Ironbirds : RHP Tyler Bach
|
|
Batting: RHB Justin Menotti
|
0-0: Ball 1-0: Foul Ball, location: 2F 1-1: SINGLE (Flyball, 8RS, EV 95.6 MPH)
|
|
Batting: RHB Carlos Martinez
|
0-0: Ball Justin Menotti steals 2nd base 1-0: Ball 2-0: Ball 3-0: Base on Balls
|
|
Batting: RHB Manny Moron
|
0-0: Swinging Strike 0-1: Hit by Pitch Justin Menotti to third Carlos Martinez to second
|
|
Batting: LHB Cy Ostrowski
|
0-0: Ball 1-0: Reached on error, E4 (Groundball, 4, EV 101.9 MPH) Justin Menotti scores Carlos Martinez to third Manny Moron to second
|
|
Batting: RHB Manny Vizzerra
|
0-0: Ball 1-0: Foul Ball, location: 2F 1-1: Ball Wild Pitch! Carlos Martinez scores Manny Moron to third Cy Ostrowski to second 2-1: Called Strike 2-2: SINGLE (Groundball, 6MD, EV 94.4 MPH) Manny Moron scores Cy Ostrowski to third
|
|
Batting: RHB Edgar Landim
|
0-0: Ball 1-0: Ball 2-0: Called Strike 2-1: Swinging Strike 2-2: Strikes out swinging
|
|
Batting: RHB Bastiaan Leenders
|
0-0: Swinging Strike 0-1: Foul Ball, location: 2F 0-2: Ball 1-2: Strikes out swinging
|
|
Batting: RHB D.J. Torres
|
0-0: Ball 1-0: Ball 2-0: Ball 3-0: Called Strike 3-1: Foul Ball, location: 2F 3-2: Foul Ball, location: 2F 3-2: Strikes out looking
|
| Top of the 3rd over - 3 runs, 2 hits, 1 error, 2 left on base; Vermont 3 - Aberdeen 0 |
| BOTTOM OF THE 3RD |
|
Aberdeen Ironbirds batting - Pitching for Vermont Lake Monsters : RHP Corbin Schenn
|
|
Batting: RHB Tony Godley
|
0-0: Ball 1-0: SINGLE (Groundball, 4M, EV 83.1 MPH) (infield hit)
|
|
Batting: SHB Tyler Myatt
|
0-0: Called Strike Tony Godley is caught stealing 2nd base 2-6 0-1: Foul Ball, location: 2F 0-2: Ball 1-2: Ball 2-2: Ball 3-2: Strikes out swinging
|
|
Batting: RHB Jeremy Sipe
|
0-0: Swinging Strike 0-1: Swinging Strike 0-2: Ball 1-2: Strikes out swinging
|
| Bottom of the 3rd over - 0 runs, 1 hit, 0 errors, 0 left on base; Vermont 3 - Aberdeen 0 |
| TOP OF THE 4TH |
|
Vermont Lake Monsters batting - Pitching for Aberdeen Ironbirds : RHP Tyler Bach
|
|
Batting: RHB Hidetada Iba
|
0-0: Called Strike 0-1: Called Strike 0-2: Ball 1-2: Strikes out swinging
|
|
Batting: RHB Justin Menotti
|
0-0: Ball 1-0: Called Strike 1-1: Ball 2-1: Fly out, F8 (Flyball, 8RD, EV 92.5 MPH)
|
|
Batting: RHB Carlos Martinez
|
0-0: Foul Ball, location: 2F 0-1: Ball 1-1: SINGLE (Groundball, 15S, EV 67.5 MPH) (infield hit)
|
|
Batting: RHB Manny Moron
|
0-0: Called Strike Carlos Martinez steals 2nd base 0-1: Ball 1-1: Ball 2-1: Ball 3-1: Fly out, F8 (Flyball, 8LM, EV 93.8 MPH)
|
| Top of the 4th over - 0 runs, 1 hit, 0 errors, 1 left on base; Vermont 3 - Aberdeen 0 |
| BOTTOM OF THE 4TH |
|
Aberdeen Ironbirds batting - Pitching for Vermont Lake Monsters : RHP Corbin Schenn
|
|
Batting: LHB Tomas de Zeeuw
|
0-0: Called Strike 0-1: Foul Ball, location: 2F 0-2: Ball 1-2: Foul Ball, location: 2F 1-2: Foul Ball, location: 2F 1-2: Strikes out looking
|
|
Batting: RHB Daniel Jackson
|
0-0: Ball 1-0: Ground out 6-3 (Groundball, 6, EV 77.5 MPH)
|
|
Batting: LHB Adam Oldfield
|
0-0: Called Strike 0-1: Foul Ball, location: 2F 0-2: Ball 1-2: Ball 2-2: Strikes out swinging
|
| Bottom of the 4th over - 0 runs, 0 hits, 0 errors, 0 left on base; Vermont 3 - Aberdeen 0 |
| TOP OF THE 5TH |
|
Vermont Lake Monsters batting - Pitching for Aberdeen Ironbirds : RHP Tyler Bach
|
|
Pitching: LHP Andy Shearn
|
|
|
Batting: LHB Cy Ostrowski
|
0-0: Called Strike 0-1: Ball 1-1: Swinging Strike 1-2: Ball 2-2: Strikes out looking
|
|
Batting: RHB Manny Vizzerra
|
0-0: Called Strike 0-1: Ball 1-1: Swinging Strike 1-2: Strikes out swinging
|
|
Batting: RHB Edgar Landim
|
0-0: DOUBLE (Flyball, 89XD, EV 98.8 MPH)
|
|
Batting: RHB Bastiaan Leenders
|
0-0: Ball 1-0: Foul Ball, location: 2F 1-1: Foul Ball, location: 2F 1-2: Ball 2-2: Strikes out looking
|
| Top of the 5th over - 0 runs, 1 hit, 0 errors, 1 left on base; Vermont 3 - Aberdeen 0 |
| BOTTOM OF THE 5TH |
|
Aberdeen Ironbirds batting - Pitching for Vermont Lake Monsters : RHP Corbin Schenn
|
|
Batting: LHB Shane Cruse
|
0-0: Ball 1-0: Swinging Strike 1-1: Foul Ball, location: 2F 1-2: Strikes out swinging
|
|
Batting: RHB Matt O'Dea
|
0-0: Called Strike 0-1: Foul Ball, location: 2F 0-2: Ball 1-2: Foul Ball, location: 2F 1-2: Strikes out swinging
|
|
Batting: LHB Miguel Medina
|
0-0: Swinging Strike 0-1: Swinging Strike 0-2: Ground out 1-3 (Groundball, 13S, EV 65.0 MPH)
|
| Bottom of the 5th over - 0 runs, 0 hits, 0 errors, 0 left on base; Vermont 3 - Aberdeen 0 |
| TOP OF THE 6TH |
|
Vermont Lake Monsters batting - Pitching for Aberdeen Ironbirds : LHP Andy Shearn
|
|
Batting: RHB D.J. Torres
|
0-0: Called Strike 0-1: Ball 1-1: Ball 2-1: Foul Ball, location: 2F 2-2: Foul Ball, location: 2F 2-2: Ball 3-2: Ground out 1-3 (Groundball, 15S, EV 73.1 MPH)
|
|
Batting: RHB Hidetada Iba
|
0-0: Ball 1-0: Ball 2-0: Ball 3-0: Called Strike 3-1: Base on Balls
|
|
Batting: RHB Justin Menotti
|
0-0: Swinging Strike 0-1: Called Strike 0-2: Strikes out swinging
|
|
Batting: RHB Carlos Martinez
|
0-0: Ball 1-0: Swinging Strike Passed Ball! Hidetada Iba to second 1-1: Ball 2-1: Foul Ball, location: 2F 2-2: Ground out 6-3 (Groundball, 6M, EV 78.8 MPH)
|
| Top of the 6th over - 0 runs, 0 hits, 0 errors, 1 left on base; Vermont 3 - Aberdeen 0 |
| BOTTOM OF THE 6TH |
|
Aberdeen Ironbirds batting - Pitching for Vermont Lake Monsters : RHP Corbin Schenn
|
|
Batting: RHB Tony Godley
|
0-0: Called Strike 0-1: Swinging Strike 0-2: Ball 1-2: Ground out 6-3 (Groundball, 6M, EV 103.1 MPH)
|
|
Pitching: RHP Ben Jennings
|
|
|
Batting: SHB Tyler Myatt
|
0-0: Ball 1-0: Ball 2-0: Called Strike 2-1: Fly out, F9 (Flyball, 89M, EV 86.9 MPH)
|
|
Batting: RHB Jeremy Sipe
|
0-0: SINGLE (Line Drive, 56D, EV 100.0 MPH)
|
|
Batting: LHB Tomas de Zeeuw
|
0-0: Ball Jeremy Sipe steals 2nd, throwing error, E2 Jeremy Sipe to third 1-0: Foul Ball, location: 2F 1-1: Ball 2-1: Called Strike 2-2: Strikes out swinging
|
| Bottom of the 6th over - 0 runs, 1 hit, 1 error, 1 left on base; Vermont 3 - Aberdeen 0 |
| TOP OF THE 7TH |
|
Vermont Lake Monsters batting - Pitching for Aberdeen Ironbirds : LHP Andy Shearn
|
|
Pitching: RHP Adam Browne
|
|
|
Batting: RHB Manny Moron
|
0-0: Called Strike 0-1: Ground out 1-3 (Groundball, 15S, EV 70.0 MPH)
|
|
Batting: LHB Cy Ostrowski
|
0-0: Ball 1-0: Ground out 4-3 (Groundball, 4, EV 85.6 MPH)
|
|
Batting: RHB Manny Vizzerra
|
0-0: Ball 1-0: Called Strike 1-1: Foul Ball, location: 2F 1-2: Foul Ball, location: 2F 1-2: SOLO HOME RUN (Flyball, 7D, EV 97.5 MPH), Distance : 394 ft
|
|
Batting: RHB Edgar Landim
|
0-0: Called Strike 0-1: Ball 1-1: Ball 2-1: Foul Ball, location: 2F 2-2: Ball 3-2: Strikes out swinging
|
| Top of the 7th over - 1 run, 1 hit, 0 errors, 0 left on base; Vermont 4 - Aberdeen 0 |
| BOTTOM OF THE 7TH |
|
Aberdeen Ironbirds batting - Pitching for Vermont Lake Monsters : RHP Ben Jennings
|
|
Batting: RHB Daniel Jackson
|
0-0: Foul Ball, location: 2F 0-1: Ground out 5-3 (Groundball, 56, EV 85.0 MPH)
|
|
Batting: LHB Adam Oldfield
|
0-0: Swinging Strike 0-1: Ball 1-1: Foul Ball, location: 2F 1-2: Strikes out swinging
|
|
Batting: LHB Shane Cruse
|
0-0: Ball 1-0: Ball 2-0: Swinging Strike 2-1: Swinging Strike 2-2: Strikes out swinging
|
| Bottom of the 7th over - 0 runs, 0 hits, 0 errors, 0 left on base; Vermont 4 - Aberdeen 0 |
| TOP OF THE 8TH |
|
Vermont Lake Monsters batting - Pitching for Aberdeen Ironbirds : RHP Adam Browne
|
|
Batting: RHB Bastiaan Leenders
|
0-0: Ball 1-0: Ground out 5-3 (Groundball, 56, EV 77.5 MPH)
|
|
Batting: RHB D.J. Torres
|
0-0: SINGLE (Groundball, 6M, EV 103.1 MPH) (infield hit)
|
|
Batting: RHB Hidetada Iba
|
0-0: Ball 1-0: Ball 2-0: Called Strike 2-1: Ball 3-1: Foul Ball, location: 2F 3-2: Strikes out looking
|
|
Batting: RHB Justin Menotti
|
0-0: Ball Passed Ball! D.J. Torres to second 1-0: Ball 2-0: Ball 3-0: Called Strike 3-1: Ground out 5-3 (Groundball, 56S, EV 69.4 MPH)
|
| Top of the 8th over - 0 runs, 1 hit, 0 errors, 1 left on base; Vermont 4 - Aberdeen 0 |
| BOTTOM OF THE 8TH |
|
Aberdeen Ironbirds batting - Pitching for Vermont Lake Monsters : RHP Ben Jennings
|
|
Pitching: RHP Jake Gregor
|
|
|
Batting: RHB Matt O'Dea
|
0-0: Swinging Strike 0-1: Ball 1-1: Ball 2-1: Foul Ball, location: 2F 2-2: Foul Ball, location: 2F 2-2: Strikes out swinging
|
|
Batting: LHB Miguel Medina
|
0-0: Foul Ball, location: 2F 0-1: Ball 1-1: Foul Ball, location: 2F 1-2: Strikes out swinging, 2-3 out at first.
|
|
Batting: RHB Tony Godley
|
0-0: Called Strike 0-1: Ball 1-1: Fly out, F9 (Flyball, 9S, EV 83.8 MPH)
|
| Bottom of the 8th over - 0 runs, 0 hits, 0 errors, 0 left on base; Vermont 4 - Aberdeen 0 |
| TOP OF THE 9TH |
|
Vermont Lake Monsters batting - Pitching for Aberdeen Ironbirds : RHP Adam Browne
|
|
Batting: RHB Carlos Martinez
|
0-0: Called Strike 0-1: Ground out U3 (Groundball, 3S, EV 84.4 MPH)
|
|
Batting: RHB Manny Moron
|
0-0: Called Strike 0-1: Ball 1-1: Called Strike 1-2: Strikes out swinging
|
|
Batting: LHB Cy Ostrowski
|
0-0: Called Strike 0-1: Ball 1-1: Called Strike 1-2: Fly out, F7 (Flyball, 7S, EV 96.9 MPH)
|
| Top of the 9th over - 0 runs, 0 hits, 0 errors, 0 left on base; Vermont 4 - Aberdeen 0 |
| BOTTOM OF THE 9TH |
|
Aberdeen Ironbirds batting - Pitching for Vermont Lake Monsters : RHP Jake Gregor
|
|
Batting: SHB Tyler Myatt
|
0-0: Ball 1-0: Called Strike 1-1: Foul Ball, location: 2F 1-2: Strikes out swinging
|
|
Batting: RHB Jeremy Sipe
|
0-0: Hit by Pitch
|
|
Batting: LHB Tomas de Zeeuw
|
0-0: Called Strike 0-1: Foul Ball, location: 2F 0-2: Foul Ball, location: 2F 0-2: Ball 1-2: Ball 2-2: Strikes out swinging
|
|
Batting: RHB Daniel Jackson
|
0-0: Ball 1-0: Ground out 1-3 (Groundball, 13S, EV 72.5 MPH)
|
| Bottom of the 9th over - 0 runs, 0 hits, 0 errors, 1 left on base; Vermont 4 - Aberdeen 0 |
|